 Dungeon Crawl Stone Soup version 0.26.0-15-gc6cd9f700b (webtiles) character file.

Game seed: 3940135702574565996

266 teolandon225 the Chopper (level 6, -4/55 HPs)
             Began as a Hill Orc Monk on Jan 15, 2021.
             Slain by an ogre
             ... wielding a +0 giant club
              (13 damage)
             ... on level 4 of the Dungeon.
             The game lasted 00:05:06 (2183 turns).

teolandon225 the Chopper (Hill Orc Monk)            Turns: 2183, Time: 00:05:06

Health: -4/55      AC:  6    Str: 16    XL:     6   Next: 20%
Magic:  6/6        EV: 12    Int: 10    God:
Gold:   56         SH:  0    Dex: 13    Spells: 5/5 levels left

rFire    . . .     SeeInvis .   a - +0 hand axe
rCold    . . .     Faith    .   (no shield)
rNeg     . . .     Spirit   .   h - +0 ring mail (curse)
rPois    .         Reflect  .   (no helmet)
rElec    .         Harm     .   (no cloak)
rCorr    .         Rampage  .   (no gloves)
Will     .....                  f - +0 pair of boots
Stlth    +.........             (no amulet)
HPRegen  0.18/turn              (no ring)
MPRegen  0.10/turn              (no ring)

@: no status effects
A: no striking features
a: no special abilities


You were on level 4 of the Dungeon.
You visited 1 branch of the dungeon, and saw 4 of its levels.

You collected 56 gold pieces.

Inventory:

Hand Weapons
 a - a +0 hand axe (weapon)
Armour
 b - a +0 robe
 d - a +0 leather armour
 f - a +0 pair of boots (worn)
 h - a cursed +0 ring mail (worn)
 j - the +1 robe of Defiance {rC- rN+++ Int+2, unknown}
   (You found it on level 4 of the Dungeon)

   It affects your intelligence (+2).
   It makes you vulnerable to cold.
   It renders you almost immune to negative energy.
Jewellery
 e - a +4 ring of protection {unknown}
Scrolls
 c - 3 scrolls of identify {unknown}
 g - a scroll of immolation {unknown}
 k - a scroll of fear {unknown}
 o - 2 scrolls of remove curse {unknown}
 p - a scroll of enchant armour {unknown}
Potions
 i - a potion of ambrosia {unknown}
 l - 2 potions of haste {unknown}
 m - a potion of flight
 n - a potion of might {unknown}


   Skills:
 + Level 4.8 Fighting
 * Level 6.4 Axes
 + Level 2.5 Armour
 + Level 3.2 Dodging
 - Level 1.5 Stealth


You had 5 spell levels left.
You didn't know any spells.
Your spell library was empty.

Dungeon Overview and Level Annotations

Branches:
Dungeon (4/15)
 Temple: D:4-7

Altars:
Xom

Annotations:
D:4 1 runed translucent door, Alvadar's ghost, novice HuCj


Message History

Your ring mail prevents you from hitting the ogre.
The ogre is lightly wounded.
You barely miss the phantom. The phantom closely misses you.
You hit the ogre.
The ogre is lightly wounded.
You hit the phantom.
The ogre hits you with a +0 giant club!!
The phantom hits you.
* * * LOW HITPOINT WARNING * * *
The phantom blinks!
The phantom hits you.
* * * LOW HITPOINT WARNING * * *
The phantom blinks!
The phantom hits you.
* * * LOW HITPOINT WARNING * * *
The phantom blinks!
There is a stone staircase leading up here.
The phantom blinks!
The ogre hits you with a +0 giant club!
You die...

#.....# #....+ #.....### #...
##.......#####.## ###
.......#....<...## #.#
.......#.........# #.#
..######.$.......# #.# ..#
#....W......# ###.# ..#
#..#$......O.# #.#.######
..###.##........@###...†....##
......##$.............#####..####
..######.........##$..##...Z.....
.....# #.........##....?.####.###
.###..^########...#.......###.###
.# #.# ###.#......##...#<.## .##
#.# #.....#....####.##..# ..##
#..## #.##.......# #.Z##.. ...#
#..# #.####.#...#####.##..


You could see a phantom and an ogre.

Vanquished Creatures
  An ogre (D:4)
  A bullfrog skeleton (D:4)
  A hound (D:4)
  An iguana (D:4)
  A worker ant (D:4)
  4 adders
  An ooze (D:1)
  2 worms
  A dart slug (D:1)
  3 giant cockroaches
  3 goblins
  A hobgoblin (D:1)
  7 jackals
  A quokka (D:2)
  A bat (D:1)
  2 kobolds
  3 rats
34 creatures vanquished.

Notes
Turn   | Place    | Note
-------+----------+-------------------------------------------
     0 | D:1      | teolandon225 the Hill Orc Monk began the quest for the Orb.
     0 | D:1      | Reached XP level 1. HP: 19/19 MP: 1/1
     4 | D:1      | Noticed an elephant
    14 | D:1      | Noticed an anaconda
   303 | D:1      | Reached XP level 2. HP: 24/27 MP: 2/2
   744 | D:1      | Reached skill level 1 in Armour
   785 | D:2      | Reached XP level 3. HP: 33/33 MP: 3/3
   793 | D:3      | Found a shimmering altar of Xom.
  1127 | D:4      | Noticed a phantom
  1194 | D:3      | Reached skill level 5 in Axes
  1426 | D:4      | Reached XP level 4. HP: 26/40 MP: 4/4
  1431 | D:4      | Got a faintly humming robe
  1538 | D:3      | Reached XP level 5. HP: 13/47 MP: 5/5
  1813 | D:4      | Found a runed translucent door.
  1826 | D:4      | Noticed Alvadar's ghost (novice HuCj)
  1848 | D:4      | Noticed an ogre
  1862 | D:4      | Killed an ogre
  1863 | D:4      | Reached skill level 6 in Axes
  1951 | D:4      | Reached XP level 6. HP: 55/55 MP: 6/6
  2183 | D:4      | Slain by an ogre

Illustrated notes

Levels and vault maps discovered:
D:1:      sevenhm_arrival_forest_fort_small_2, layout_basic
D:2:      layout_basic, kiku_gazebo_garden_becter, roderic_lattice_a,
          st_stairs_14, minmay_misc_feat_iff
D:3:      layout_basic, lemuel_crystal_altar, gammafunk_temple_overflow_arena,
          minmay_fountain_box, hangedman_decor_slide_cut
D:4:      layout_rooms, gammafunk_temple_overflow_wave,
          ebering_ghost_reflecting_pool

Skill      XL: |  1  2  3  4  5 |
---------------+----------------+-----
Armour         | 1 2 |  2.5
Fighting       | 4 |  4.8
Axes           | 5 6 |  6.4
Dodging        | 3 |  3.2
Stealth        | |  1.5

Action                   |  1- 3 |  4- 6 || total
-------------------------+-------+-------++-------
Melee: Hand axe          |    98 |    90 ||   188
  Use: Potion            |     1 |       ||     1
 Stab: Sleeping          |     1 |       ||     1
Armor: Robe              |     1 |       ||     1
       Leather armour    |    10 |       ||    10
       Ring mail         |    11 |    36 ||    47
Dodge: Dodged            |    74 |    76 ||   150
